 Dungeon Crawl Stone Soup version 0.17.0-23-g0de4337 (webtiles) character file.

167458 Ordine the Severer (level 18, -7/135 HPs)
             Began as a Formicid Fighter on Nov 14, 2015.
             Was a High Priest of Cheibriados.
             Mangled by a seven-headed hydra simulacrum (14 damage)
             ... on level 4 of the Swamp.
             The game lasted 03:07:18 (40817 turns).

Ordine the Severer (Formicid Fighter)              Turns: 40817, Time: 03:07:18

Health: -7/135     AC: 24    Str: 36    XL:     18   Next: 55%
Magic:  0/28       EV: 23    Int: 27    God:    Cheibriados [*****.]
Gold:   705        SH: 17    Dex: 23    Spells: 4 memorised, 14 levels left

rFire  . . .     SeeInvis +     B - +6 executioner's axe (venom)
rCold  . . .     Clarity  .     w - +0 plate armour
rNeg   . . .     SustAt   .     c - +1 shield
rPois  +         Gourm    .     (helmet unavailable)
rElec  .         Spirit   +     C - +1 cloak
rCorr  .         Warding  .     z - +2 pair of gloves {archery}
rMut   .         Stasis   +     M - +2 pair of boots {Fly}
MR     +....                    K - amulet of guardian spirit
Stlth  ..........               s - +5 ring of evasion
                                l - ring of poison resistance

@: flying, very slightly contaminated, invisible, very slow, somewhat resistant
to hostile enchantments, extremely unstealthy
A: permanent stasis, dig shafts and tunnels, four strong arms, antennae 3
a: Dig, Shaft Self, Bend Time, Temporal Distortion, Slouch, Step From Time,
Renounce Religion, Stop Flying


You were on level 4 of the Swamp.
You worshipped Cheibriados.
Cheibriados was extremely pleased with you.
You were not hungry.

You visited 5 branches of the dungeon, and saw 32 of its levels.
You visited 1 bazaar.
You also visited: Volcano.

You collected 3645 gold pieces.
You spent 2940 gold pieces at shops.

Inventory:

Hand Weapons
 B - a +6 executioner's axe of venom (weapon)
Armour
 c - a +1 shield (worn)
 w - a +0 plate armour (worn)
 z - a +2 pair of gloves of archery (worn)
 C - a +1 cloak (worn)
 M - a +2 pair of boots of flying (worn)
Magical Staves
 I - an uncursed staff of wizardry
Jewellery
 a - an uncursed ring of sustain attributes
 b - an uncursed amulet of warding
 l - a ring of poison resistance (left hand)
 s - a +5 ring of evasion (right hand)
 u - the ring "Qugujide" {+/*Tele MR+}
   (You found it on level 6 of the Dungeon)

   [ring of teleportation]

   It may teleport you to nearby monsters, and can be evoked to randomly
   teleport.
   It affects your resistance to hostile enchantments.
 y - an uncursed ring of protection from fire
 K - an amulet of guardian spirit (around neck)
Wands
 e - a wand of fireball (6)
 m - a wand of lightning (7)
 p - a wand of invisibility (0)
 F - a wand of disintegration (8)
 G - a wand of digging (14)
Scrolls
 k - 18 scrolls of remove curse
 n - 3 scrolls of fear
 x - 5 scrolls of fog
 A - a scroll of enchant weapon
 H - 4 scrolls of silence
 J - 4 scrolls of immolation
 O - 6 scrolls of identify
 P - a scroll of magic mapping
Potions
 d - 4 potions of might
 f - 3 potions of resistance
 i - 4 potions of curing
 q - 2 potions of invisibility
 r - a potion of agility
 N - 2 potions of cancellation
Books
 E - a Fen Folio

   Spells                             Type                      Level
   a - Corpse Rot                     Necromancy                   2
   b - Stone Arrow                    Conjuration/Earth            3
   c - Leda's Liquefaction            Hexes/Earth                  4
   d - Summon Forest                  Summoning/Translocation      5
   e - Hydra Form                     Transmutation                6
   f - Summon Hydra                   Summoning                    7
 L - the Papyrus of Damaging Flight
   (You found it on level 3 of the Swamp)

   Spells                             Type                      Level
   a - Static Discharge               Conjuration/Air              3
   b - Mephitic Cloud                 Conjuration/Poison/Air       3
   c - Airstrike                      Air                          4
   d - Summon Lightning Spire         Summoning/Air                4
   e - Freezing Cloud                 Conjuration/Ice/Air          6
Miscellaneous
 o - a lamp of fire (inert)
 D - a fan of gales (inert)
Comestibles
 g - 27 royal jellies
 h - a fruit
 j - 2 slices of pizza
 t - a meat ration
 v - 2 beef jerkies


   Skills:
 + Level 10.2 Fighting
 * Level 19.1 Axes
 + Level 10.4 Armour
 + Level 10.2 Dodging
 - Level 15.0 Shields
 - Level 6.6 Spellcasting
 - Level 14.0 Invocations


You had 14 spell levels left.
You knew the following spells:

 Your Spells              Type           Power        Failure   Level  Hunger
a - Stoneskin             Trmt/Erth      #.......     52%         2    None
b - Statue Form           Trmt/Erth      #........    100%        6    ######.
c - Regeneration          Chrm/Necr      #.........   88%         3    None
d - Silence               Hex/Air        #.........   100%        5    #####..


Dungeon Overview and Level Annotations

Branches:
Dungeon (15/15)            Temple (1/1) D:5            Lair (8/8) D:9
  Swamp (4/4) Lair:3       Spider (0/4) Lair:4        Slime (0/6) Lair:6
    Orc (4/4) D:10            Elf (0/3) Orc:3        Vaults (0/5) D:13
 Depths (0/5) D:15

Altars:
Ashenzari
Cheibriados
Dithmenos
Elyvilon
Fedhas
Gozag
Kikubaaqudgha
Makhleb
Nemelex Xobeh
Okawaru
Qazlal
Ru
Sif Muna
Trog
Vehumet
Xom
Yredelemnul
Zin
The Shining One
Beogh
Jiyva

Shops:
D:5 ([%   D:8 *   Orc:2 :   Orc:4 [%:?

Portals:
Trove: D:10 (give +3 gold dragon armour)

Annotations:
D:4 dig


Innate Abilities, Weirdness & Mutations

You are under a permanent stasis effect.
You can dig through walls and to a lower floor.
Your four strong arms can wield two-handed weapons with a shield.
You have a pair of large antennae on your head (SInv).


Message History

* * * LOW HITPOINT WARNING * * *
The eight-headed hydra simulacrum freezes you!!
* * * LOW HITPOINT WARNING * * *
The eight-headed hydra simulacrum completely misses you.
The eight-headed hydra simulacrum closely misses you.
The eight-headed hydra simulacrum barely misses you.
You block the eight-headed hydra simulacrum's attack.
The eight-headed hydra simulacrum completely misses you.
The eight-headed hydra simulacrum misses you.
Unknown command.
You catch the helpless six-headed hydra simulacrum completely off-guard!
You hack one of the six-headed hydra simulacrum's heads off!
You slice the five-headed hydra simulacrum!!
You slice one of the eight-headed hydra simulacrum's heads off!
You hit the seven-headed hydra simulacrum.
You block the seven-headed hydra simulacrum's attack.
The seven-headed hydra simulacrum bites you.
* * * LOW HITPOINT WARNING * * *
The seven-headed hydra simulacrum freezes you!
You die...

.≈....≈.≈≈≈..§...#♣#
≈≈≈≈..≈≈≈≈.≈≈♣#.#..#
≈≈≈≈..≈≈≈≈.≈♣#♣#..##
≈≈≈≈≈≈(..≈≈.≈# #..#
≈≈≈≈≈≈≈≈≈≈..♣♣ #..#
...≈≈≈.≈≈..≈≈♣##..#
.♣♣.≈.....≈≈♣♣#..##
♣♣♣♣♣...♣≈≈≈♣♣##.♣##
≈♣♣.≈≈.♣♣♣≈≈≈♣ #@..#
♣♣♣.§.♣♣ ♣♣≈≈♣#ZZ###
♣.♣≈..♣♣♣♣♣♣♣♣##..
..≈..≈.≈≈♣♣ #♣Z.
.≈...♣..≈≈♣♣ ..#
...≈♣..≈≈≈≈♣ ..#
≈..≈..≈≈≈≈♣♣ ..#
♣≈≈.≈≈≈≈≈♣♣ .##
♣≈≈≈≈≈≈≈♣♣


You could see a seven-headed hydra simulacrum and 2 five-headed hydra simulacra.

Vanquished Creatures
  An azure jelly (Lair:6)
  3 thorn hunters
  Kirke (Swamp:4)
  A storm dragon (D:12)
  The ghost of vible the Executioner, a journeyman DDFi of Makhleb (Swamp:4)
  Maud (Orc:3)
  The ghost of Savaroth the Severer, a journeyman MiBe of Trog (Swamp:3)
  A very ugly thing (Swamp:4)
  Nessos (D:15)
  A salamander stormcaller (D:12)
  A dire elephant (Lair:8)
  An ettin (Orc:4)
  Snorg (D:13)
  A fire dragon (D:12)
  3 vault guards
  A yaktaur captain (D:15)
  An anaconda (Lair:6)
  Harold (Lair:4)
  10 hydras
  A catoblepas (Lair:8)
  3 ice dragons (Swamp:4)
  3 centaur warriors
  A ghost crab (Swamp:4)
  8 alligators
  2 tengu warriors
  A deep troll shaman (Lair:8)
  6 death yaks (Lair:8)
  Urug (Orc:1)
  8 spriggans
  A spriggan berserker (Swamp:3)
  6 orc high priests (Orc:4)
  Sonja (Orc:4)
  The ghost of 2d6 the Skirmisher, a novice HOCK of Beogh (D:8)
  A fire crab (Lair:5)
  4 skeletal warriors (D:15)
  3 spriggan druids
  An unseen horror (D:14)
  2 swamp dragons
  7 hill giants
  3 shambling mangroves
  Pikel (D:9)
  An ugly thing (D:12)
  5 orc knights (Orc:4)
  2 manticores
  3 necromancers (D:13)
  A hornet (shapeshifter) (D:15)
  4 griffons
  A hornet (Swamp:3)
  10 black mambas
  A cyclops (D:15)
  2 orc sorcerers (Orc:3)
  Maurice (D:10)
  22 elephants
  3 centaur zombies
  25 spiny frogs
  A torpor snail (Lair:7)
  2 kobold demonologists (D:15)
  12 komodo dragons
  3 fire drakes
  A yaktaur (D:15)
  3 efreet
  11 trolls
  A polar bear (Lair:7)
  6 freezing wraiths
  A queen bee (D:9)
  8 giant leeches
  Grinder (D:5)
  3 two-headed ogres
  2 bog bodies
  17 blink frogs
  12 slime creatures
  A deep elf mage (D:13)
  20 humans (D:13)
  3 trapdoor spiders (Lair:4)
  2 wraiths
  3 hungry ghosts
  2 flying skulls (Volcano)
  A deep elf fighter (D:12)
  9 vampire mosquitoes
  4 vampires (Volcano)
  5 wyverns
  75 yaks
  Grum (D:10)
  7 basilisks
  2 wargs
  A hog (shapeshifter) (D:14)
  A steam dragon (D:8)
  24 swamp worms
  16 hippogriffs
  5 swamp worm simulacra (Swamp:4)
  20 insubstantial wisps
  A mottled dragon (D:13)
  22 wolves
  9 hydra simulacra (Swamp:4)
  41 orc warriors
  15 porcupines
  26 water moccasins
  2 phantoms
  4 black bears
  An eye of draining (D:9)
  4 sky beasts
  4 slaves (D:9)
  10 wasps
  10 swamp drakes
  5 ice beasts
  7 ogres
  13 crocodiles
  14 centaurs
  28 giant frogs
  A gnoll sergeant (D:11)
  5 big kobolds
  A scorpion (D:9)
  A wyvern skeleton (D:8)
  The ghost of Frontstab the Skirmisher, a weakling MiCK of Xom (D:3)
  46 killer bees
  8 wights
  4 electric eels
  A giant frog zombie (D:8)
  4 crimson imps
  20 hounds
  5 jellies
  41 orc wizards
  2 human zombies (D:14)
  A quasit (D:15)
  4 centaur skeletons
  43 orc priests
  A giant frog skeleton (D:9)
  14 worker ants
  A gnoll shaman (D:8)
  2 human skeletons (D:14)
  8 iguanas
  10 sheep
  7 hell rats (Lair:3)
  An ogre skeleton (D:14)
  2 hound skeletons
  3 mummies (D:14)
  A worker ant zombie (D:5)
  16 adders
  24 gnolls
  42 river rats
  4 shadow imps
  5 oozes (D:8)
  3 swamp drake simulacra (Swamp:4)
  2 adder skeletons
  2 adder zombies
  3 worms
  A giant gecko (D:8)
  241 orcs
  6 giant cockroaches
  7 hobgoblins
  4 jackals
  6 quokkas
  11 bats
  A giant cockroach zombie (D:5)
  A giant gecko zombie (D:8)
  4 giant newts
  4 goblins
  A jackal zombie (D:5)
  19 kobolds
  2 orc zombies (D:14)
  5 rats
  18 briar patches
  6 fungi
  4 plants
1360 creatures vanquished.

Vanquished Creatures (collateral kills)
  An oklob plant (Lair:5)
  A vampire mosquito (Swamp:3)
  A swamp worm (Swamp:4)
  An electric eel (D:9)
4 creatures vanquished.

Vanquished Creatures (others)
  A spriggan druid (Swamp:4)
  4 humans (Swamp:4)
  26 fungi
  13 plants
44 creatures vanquished.

Grand Total: 1408 creatures vanquished

Notes
Turn   | Place    | Note
--------------------------------------------------------------
     0 | D:1      | Ordine the Formicid Fighter began the quest for the Orb.
     0 | D:1      | Reached XP level 1. HP: 18/18 MP: 1/1
   261 | D:1      | Reached XP level 2. HP: 24/24 MP: 2/2
   911 | D:2      | Reached skill level 4 in Shields
  1005 | D:2      | Reached XP level 3. HP: 18/29 MP: 3/3
  1473 | D:3      | Reached XP level 4. HP: 33/35 MP: 4/4
  1657 | D:3      | Found a snail-covered altar of Cheibriados.
  1667 | D:3      | Became a worshipper of Cheibriados the Contemplative
  1695 | D:3      | Noticed Frontstab's ghost (weakling MiCK)
  1706 | D:3      | Killed Frontstab's ghost
  1706 | D:3      | Reached XP level 5. HP: 28/41 MP: 5/5
  2139 | D:3      | Reached skill level 5 in Shields
  2374 | D:3      | Reached * piety under Cheibriados
  2436 | D:4      | Reached XP level 6. HP: 44/47 MP: 6/6
  2532 | D:4      | Reached skill level 5 in Axes
  2963 | D:4      | Found a burning altar of Makhleb.
  2964 | D:4      | Noticed an ogre
  2969 | D:4      | Killed an ogre
  2969 | D:4      | Reached XP level 7. HP: 32/52 MP: 7/7
  3126 | D:4      | Reached skill level 6 in Shields
  3232 | D:4      | Reached ** piety under Cheibriados
  3537 | D:4      | Found a bloodstained altar of Trog.
  3733 | D:5      | Entered Level 5 of the Dungeon
  3733 | D:5      | Found Ycowky's Antique Weapon Shop.
  3773 | D:5      | Reached skill level 7 in Axes
  3773 | D:5      | Reached XP level 8. HP: 36/58 MP: 8/8
  3991 | D:5      | Found a staircase to the Ecumenical Temple.
  3991 | D:5      | Noticed Grinder
  4232 | Temple   | Entered the Ecumenical Temple
  4395 | D:5      | Killed Grinder
  4515 | D:5      | Found Navewn's Food Boutique.
  4529 | D:5      | Reached skill level 8 in Axes
  4740 | D:5      | Reached *** piety under Cheibriados
  4830 | D:5      | Found Bap Wycellej's Armour Shop.
  4835 | D:5      | Bought a +0 pair of gloves for 67 gold pieces
  5149 | D:6      | Reached XP level 9. HP: 56/64 MP: 9/9
  5388 | D:6      | Got a coiled glass ring
  5436 | D:6      | Identified the ring "Qugujide" {+/*Tele MR+} (You found it on level 6 of the Dungeon)
  5504 | D:6      | Reached skill level 9 in Axes
  5615 | D:6      | Reached skill level 10 in Axes
  5620 | D:6      | Reached **** piety under Cheibriados
  5842 | D:6      | Found an iron altar of Okawaru.
  6334 | D:7      | Found an iron altar of Okawaru.
  6857 | D:8      | Reached XP level 10. HP: 70/70 MP: 10/10
  7103 | D:8      | Reached skill level 11 in Axes
  7440 | D:8      | Reached ***** piety under Cheibriados
  7559 | D:8      | Reached skill level 10 in Shields
  7819 | D:8      | Found Dev Etur's General Store.
  7828 | D:8      | Bought a scroll of enchant weapon for 112 gold pieces
  7828 | D:8      | Bought a potion of agility for 60 gold pieces
  7849 | D:8      | You fall through a shaft for 3 floors!
  7860 | D:10     | Entered Level 10 of the Dungeon
  7885 | D:10     | Noticed Maurice
  7927 | D:10     | Killed Maurice
  7927 | D:10     | Reached skill level 1 in Invocations
  7941 | D:9      | Identified a scroll of acquirement
  8007 | D:8      | Noticed 2d6's ghost (novice HOCK)
  8026 | D:8      | Killed 2d6's ghost
  8026 | D:8      | Reached skill level 12 in Axes
  9093 | D:9      | Noticed Pikel
  9096 | D:9      | Killed Pikel
  9096 | D:9      | Reached skill level 5 in Invocations
  9096 | D:9      | Reached XP level 11. HP: 38/75 MP: 14/14
 10063 | D:9      | Reached skill level 13 in Axes
 10136 | D:9      | Reached ****** piety under Cheibriados
 11262 | D:9      | Found a staircase to the Lair.
 11995 | Lair:1   | Entered Level 1 of the Lair of Beasts
 12403 | Lair:1   | Reached skill level 14 in Axes
 13071 | Lair:1   | Reached XP level 12. HP: 73/84 MP: 18/18
 13541 | Lair:1   | Reached skill level 5 in Fighting
 14132 | Lair:2   | Reached skill level 5 in Armour
 15717 | Lair:3   | Reached XP level 13. HP: 87/98 MP: 20/20
 16512 | Lair:3   | Found a staircase to the Swamp.
 17036 | Lair:4   | Reached skill level 10 in Invocations
 17195 | Lair:4   | Noticed Harold
 17215 | Lair:4   | Killed Harold
 17373 | Lair:4   | Reached skill level 15 in Axes
 17414 | Lair:4   | Found a hole to the Spider Nest.
 17877 | Lair:4   | Reached skill level 10 in Fighting
 18788 | Lair:5   | Reached skill level 1 in Dodging
 19281 | Lair:5   | Found a radiant altar of Vehumet.
 19977 | Lair:6   | Reached XP level 14. HP: 110/110 MP: 22/22
 20684 | Lair:6   | Noticed an azure jelly
 20769 | Lair:6   | Got an iridescent great sword
 20812 | Lair:6   | Killed an azure jelly
 20952 | Lair:6   | Identified the cursed +1 great sword of Peril {slice, rPois rF- Int-5 Stlth+} (You found it on level 6 of the Lair of Beasts)
 21122 | Lair:6   | Found a staircase to the Slime Pits.
 21123 | Lair:6   | Found a viscous altar of Jiyva.
 21647 | Lair:7   | Reached skill level 16 in Axes
 22991 | Lair:8   | Entered Level 8 of the Lair of Beasts
 23111 | Lair:8   | Reached XP level 15. HP: 107/115 MP: 24/24
 23247 | Lair:8   | Learned a level 2 spell: Stoneskin
 23283 | Lair:8   | Reached skill level 5 in Dodging
 24083 | Lair:8   | Reached skill level 10 in Armour
 24150 | Lair:8   | Reached skill level 17 in Axes
 25617 | D:10     | Noticed Grum
 25621 | D:10     | Killed Grum
 25661 | D:10     | Found a staircase to the Orcish Mines.
 25716 | D:10     | Identified the Compendium of Execration (You found it on level 10 of the Dungeon)
 25792 | D:10     | Noticed a vault guard
 25799 | D:10     | Killed a vault guard
 25805 | D:10     | Found a portal to a secret trove of treasure.
 26029 | Orc:1    | Entered Level 1 of the Orcish Mines
 26080 | Orc:1    | Found a dark tunnel.
 26111 | Volcano  | Entered a volcano
 26962 | Orc:2    | Found Feewnuji's Book Emporium.
 27305 | Orc:1    | Noticed Urug
 27316 | Orc:1    | Killed Urug
 27484 | Orc:3    | Found a staircase to the Elven Halls.
 27764 | Orc:3    | Noticed Maud
 27770 | Orc:3    | Killed Maud
 28173 | Orc:4    | Entered Level 4 of the Orcish Mines
 28284 | Orc:4    | Found a roughly hewn altar of Beogh.
 28775 | Orc:4    | Reached XP level 16. HP: 101/122 MP: 22/25
 28896 | Orc:4    | Noticed Sonja
 28899 | Orc:4    | Killed Sonja
 29535 | Orc:4    | Found Giufoxt's Magic Scroll Shoppe.
 29570 | Orc:4    | Found Eryrr's Food Emporium.
 29570 | Orc:4    | Found Zulef's Book Shoppe.
 29571 | Orc:4    | Found Bishi's Armour Shoppe.
 29585 | Orc:4    | Bought a +0 pair of boots for 81 gold pieces
 29594 | Orc:4    | Bought a scroll of silence for 82 gold pieces
 29594 | Orc:4    | Bought a scroll of identify for 22 gold pieces
 29594 | Orc:4    | Bought a scroll of identify for 22 gold pieces
 29594 | Orc:4    | Bought a scroll of silence for 82 gold pieces
 29594 | Orc:4    | Bought a scroll of identify for 22 gold pieces
 29597 | Orc:4    | Bought a book of Battle for 480 gold pieces
 29814 | Orc:2    | Bought a book of the Sky for 845 gold pieces
 29814 | Orc:2    | Bought a book of Transfigurations for 715 gold pieces
 29821 | Orc:2    | Learned a level 6 spell: Statue Form
 29825 | Orc:2    | Learned a level 3 spell: Regeneration
 31076 | D:12     | Reached skill level 10 in Dodging
 31555 | D:12     | Noticed a storm dragon
 31578 | D:12     | Killed a storm dragon
 31763 | D:13     | Found a flickering gateway to a bazaar.
 31771 | Bazaar   | Entered a bazaar
 31772 | Bazaar   | Found Oduigai's Assorted Antiques.
 31774 | Bazaar   | Found Efunun's Antique Weapon Emporium.
 31779 | Bazaar   | Found Zeufioqu's Antique Weapon Shop.
 31787 | Bazaar   | Found Juibaxide's Assorted Antiques.
 31797 | Bazaar   | Bought a wooden ring for 155 gold pieces
 31797 | Bazaar   | Found Oruy's Antique Weapon Shoppe.
 31851 | Bazaar   | Bought a scroll labeled DONOQI DEMAUD for 23 gold pieces
 31851 | Bazaar   | Bought a scroll of silence for 172 gold pieces
 32721 | D:13     | Reached skill level 15 in Shields
 32855 | D:13     | Noticed Snorg
 32861 | D:13     | Killed Snorg
 32861 | D:13     | Reached XP level 17. HP: 115/128 MP: 26/26
 32945 | D:13     | Found a gate to the Vaults.
 33409 | D:14     | Found a basalt altar of Yredelemnul.
 33655 | D:14     | You are sucked into a shaft!
 33655 | D:15     | Entered Level 15 of the Dungeon
 34467 | D:15     | Reached skill level 1 in Spellcasting
 34591 | D:15     | Learned a level 5 spell: Silence
 34602 | D:15     | Noticed Nessos
 34604 | D:15     | Killed Nessos
 34865 | D:15     | Got an encrusted ring mail
 34866 | D:15     | Identified the cursed +1 ring mail of Patience {-Cast rC++ Dex+6} (You found it on level 15 of the Dungeon)
 35139 | D:15     | Found a staircase to the Depths.
 35881 | Swamp:1  | Entered Level 1 of the Swamp
 37614 | Swamp:2  | Reached skill level 18 in Axes
 37863 | Swamp:3  | Reached skill level 5 in Spellcasting
 38207 | Swamp:3  | Noticed Savaroth's ghost (journeyman MiBe)
 38230 | Swamp:3  | Killed Savaroth's ghost
 38523 | Swamp:3  | Reached XP level 18. HP: 125/134 MP: 21/28
 38594 | Swamp:3  | Identified the Papyrus of Damaging Flight
 38976 | Swamp:4  | Entered Level 4 of the Swamp
 38976 | Swamp:4  | Noticed vible's ghost (journeyman DDFi)
 38985 | Swamp:4  | Noticed Kirke
 38997 | Swamp:4  | Killed vible's ghost
 39003 | Swamp:4  | Killed Kirke
 40208 | Swamp:4  | Reached skill level 19 in Axes
 40817 | Swamp:4  | Mangled by a seven-headed hydra simulacrum

Action                   |  1- 3 |  4- 6 |  7- 9 | 10-12 | 13-15 | 16-18 || total
-------------------------+-------+-------+-------+-------+-------+-------++-------
Melee: War axe           |   101 |   113 |   286 |       |       |       ||   500
       Battleaxe         |       |       |    55 |   591 |   359 |       ||  1005
       Executioner's axe |       |       |       |     4 |   590 |  1069 ||  1663
 Cast: Stoneskin         |       |       |       |       |       |     1 ||     1
Invok: Bend Time         |       |       |     2 |     1 |       |       ||     3
       Slouch            |       |       |       |     3 |    18 |    19 ||    40
       Step From Time    |       |       |       |       |     1 |     1 ||     2
       Temporal Distorti |       |       |       |       |     1 |       ||     1
 Abil: Evoke Flight      |       |       |       |       |       |     2 ||     2
Evoke: Wand              |       |       |       |       |    15 |     1 ||    16
       Fan of gales      |       |       |       |       |     1 |     2 ||     3
       Lamp of fire      |       |       |       |       |       |     1 ||     1
  Use: Scroll            |     5 |    10 |     4 |     7 |    13 |    13 ||    52
       Potion            |       |     1 |     1 |     4 |     1 |     5 ||    12
 Stab: Held in net/web   |       |       |       |       |     4 |       ||     4
       Invisible         |       |       |       |       |     4 |     6 ||    10
       Petrified         |       |       |       |       |     2 |       ||     2
       Distracted        |       |       |       |       |       |     1 ||     1
  Eat: Chunk             |     2 |     4 |     6 |    19 |    27 |    20 ||    78
       Bread ration      |       |       |       |       |       |     1 ||     1
       Fruit             |       |       |       |       |       |     1 ||     1
